 Dungeon Crawl Stone Soup version 0.17-a0-1632-g0af21bd (console) character file.

7812 Monkaria the Infuser (level 11, -8/50 HPs)
             Began as a Felid Conjurer on Aug 3, 2015.
             Was an Elder of Vehumet.
             Mangled by a polar bear (18 damage)
             ... on level 2 of the Lair of Beasts.
             The game lasted 01:34:46 (24960 turns).

Monkaria the Infuser (Felid Conjurer)              Turns: 24960, Time: 01:34:47

Health: -8/50      AC:  3    Str:  4    XL:     11   Next: 1%
Magic:  4/24       EV: 25    Int: 22    God:    Vehumet [****..]
Gold:   680        SH:  0    Dex: 19    Spells: 6 memorised, 7 levels left
                                        Lives:  0   Deaths: 2

rFire  + . .     SeeInvis +     (weapon unavailable)
rCold  + . .     Clarity  .     (armour unavailable)
rNeg   . . .     SustAt   .     (shield unavailable)
rPois  .         Gourm    .     (helmet unavailable)
rElec  .         Spirit   .     (cloak unavailable)
rCorr  .         Warding  .     (gloves unavailable)
rMut   .         Stasis   .     (boots unavailable)
MR     +....                    (no amulet)
Stlth  +++.......               x - +3 ring of dexterity
                                p - ring of protection from fire

@: quick, somewhat resistant to hostile enchantments, fairly stealthy
A: no armour, no weapons or thrown items, claws 1, fangs 3, see invisible,
carnivore 3, speed 1, shaggy fur 3, slow metabolism 1, sharp paws
a: Renounce Religion


You were on level 2 of the Lair of Beasts.
You worshipped Vehumet.
Vehumet was greatly pleased with you.
You were very full.

You visited 3 branches of the dungeon, and saw 14 of its levels.
You also visited: Sewer.

You collected 680 gold pieces.

Inventory:

Jewellery
 a - an uncursed ring of protection from fire
 p - a ring of protection from fire (left paw)
 x - a +3 ring of dexterity (right paw)
Magical devices
 l - a wand of confusion (24)
 B - a wand of hasting (4)
 D - a wand of magic darts (15)
 E - a wand of cold (6)
Scrolls
 f - 2 scrolls of torment {unknown}
 s - 4 scrolls of teleportation
 t - 6 scrolls of remove curse {unknown}
 v - a scroll of immolation {unknown}
 y - 3 scrolls of recharging {unknown}
 z - a scroll of fear {unknown}
 G - a scroll of magic mapping
 J - a scroll of fog
 K - a scroll of blinking {unknown}
Potions
 d - 2 potions of lignification
 h - a potion of might
 i - 9 potions of curing
 j - 7 potions of heal wounds
 k - a potion of cancellation
 m - 7 potions of flight
 n - 3 potions of agility
 o - 4 potions of brilliance
 q - a potion of haste
 C - 3 potions of berserk rage
 I - a potion of magic {unknown}
Books
 H - a book of Clouds

   Spells                             Type                      Level
   a - Mephitic Cloud                 Conjuration/Poison/Air       3
   b - Conjure Flame                  Conjuration/Fire             3
   c - Poisonous Cloud                Conjuration/Poison/Air       6
   d - Freezing Cloud                 Conjuration/Ice/Air          6
   e - Ring of Flames                 Charms/Fire                  7
Comestibles
 b - 8 meat rations


   Skills:
 - Level 7.2 Fighting
 - Level 8.1 Dodging
 - Level 2.6 Stealth
 - Level 8.0 Spellcasting
 + Level 12.2 Conjurations
 - Level 13.0 Charms


You had 7 spell levels left.
You knew the following spells:

 Your Spells              Type           Power        Failure   Level  Hunger
a - Magic Dart            Conj           ####         1%          1    None
b - Searing Ray           Conj           ######       1%          2    None
c - Iskenderun's Mystic   Conj           ######..     1%          4    ###....
d - Iskenderun's Battles  Conj/Chrm      ######..     1%          5    #####..
e - Mephitic Cloud        Conj/Pois/Air  ####....     1%          3    None
f - Sticky Flame          Conj/Fire      #####...     2%          4    ###....


Dungeon Overview and Level Annotations

Branches:
Dungeon (11/15)            Temple (1/1) D:4            Lair (2/8) D:11
    Orc: D:9-12

Altars:
Ashenzari
Cheibriados
Dithmenos
Elyvilon
Fedhas
Gozag
Kikubaaqudgha
Makhleb
Nemelex Xobeh
Okawaru
Qazlal
Ru
Sif Muna
Trog
Vehumet
Xom
Yredelemnul
Zin
The Shining One

Annotations:
Lair:1 tsouns's ghost, powerful DrAE


Innate Abilities, Weirdness & Mutations

You cannot wear armour.
You are incapable of wielding weapons or throwing items.
You have sharp claws.
You have razor-sharp teeth.
You have supernaturally acute eyesight.
You are carnivorous and can eat meat at any time.
You cover ground quickly.
Your thick and shaggy fur keeps you warm (AC +3, rC+).
You have a slow metabolism.
Your sharp claws are effective at attacking unaware monsters.


Message History

The orb of energy hits the polar bear.
The polar bear is severely wounded.
Casting: Iskenderun's Mystic Blast
Confirm with . or Enter, or press ? or * to list all spells.
Aiming: Iskenderun's Mystic Blast
Press: ? - help, Shift-Dir - straight line, f/p - polar bear
Aim: a polar bear (severely wounded)
The orb of energy hits the polar bear.
The polar bear is almost dead.
The orb of energy explodes!
The polar bear goes berserk!
Casting: Iskenderun's Mystic Blast
Confirm with . or Enter, or press ? or * to list all spells.
Aiming: Iskenderun's Mystic Blast
Press: ? - help, Shift-Dir - straight line, f/p - polar bear
Aim: a polar bear (almost dead, berserk, fast, unusually strong)
The orb of energy hits the polar bear.
The polar bear is almost dead.
The orb of energy explodes!
The polar bear bites you!!
You die...

######## ## #P##.#P########
.# ##...........#.# .##
##.............## ..#
###..............# ..#
#.....h@.........# ..#
##................# .##
#.#...............## ..##
###...............P# ...##
####................##
....###.#................##
#.#....................###
##....#.###.P##.#.....##
#####.## #..###.#.#.##


You could see a polar bear (berserk).

Vanquished Creatures
  Fannar (Lair:1)
  A hydra (Lair:2)
  Erica (D:8)
  2 hill giants
  A griffon (Lair:2)
  A manticore (D:10)
  4 spiny frogs
  4 komodo dragons
  4 trolls
  2 two-headed ogres
  3 slime creatures
  2 deep elf magi
  4 vampire mosquitoes (Lair:1)
  3 wyverns
  23 yaks
  4 hippogriffs
  A human (D:11)
  3 hungry ghosts
  Menkaure (D:7)
  An insubstantial wisp (Lair:1)
  5 water moccasins
  3 sky beasts
  An orc warrior (D:7)
  3 porcupines
  3 black bears
  2 ice beasts
  5 ogres
  A wasp (D:11)
  2 necrophages
  2 crocodiles (Lair:1)
  4 phantoms
  8 centaurs
  2 big kobolds
  10 giant frogs
  6 scorpions
  7 wights
  2 jellies
  3 killer bees (D:9)
  2 orc priests
  3 centaur zombies
  7 crimson imps
  A giant frog skeleton (D:10)
  4 centaur skeletons
  10 worker ants
  6 hounds
  15 orc wizards
  6 iguanas
  A sheep (D:11)
  A hound skeleton (D:11)
  3 gnolls (D:11)
  2 worker ant zombies
  12 adders
  13 river rats
  A shadow imp (D:5)
  An adder skeleton (D:5)
  3 adder zombies
  6 worms
  9 giant geckos
  38 orcs
  9 ball pythons
  3 giant cockroaches
  10 goblins
  5 hobgoblins
  7 jackals
  2 quokkas
  5 bats
  9 giant newts
  25 kobolds
  A quokka skeleton (D:7)
  25 rats
  A spectral orc (D:9)
381 creatures vanquished.

Vanquished Creatures (others)
  4 fungi (Lair:2)
  A plant (Lair:2)
5 creatures vanquished.

Grand Total: 386 creatures vanquished

Notes
Turn   | Place    | Note
--------------------------------------------------------------
     0 | D:1      | Monkaria the Felid Conjurer began the quest for the Orb.
     0 | D:1      | Reached XP level 1. HP: 7/7 MP: 4/4
   233 | D:1      | Reached skill level 4 in Conjurations
   261 | D:1      | Reached XP level 2. HP: 11/11 MP: 1/6
   812 | D:1      | Learned a level 2 spell: Searing Ray
  1140 | D:2      | Reached XP level 3. HP: 11/14 MP: 0/7
  1412 | D:2      | Reached skill level 1 in Fighting
  1429 | D:2      | Found a radiant altar of Vehumet.
  1960 | D:2      | Reached XP level 4. HP: 19/19 MP: 5/8
  3207 | D:3      | Learned a level 4 spell: Iskenderun's Mystic Blast
  3911 | D:4      | Reached XP level 5. HP: 21/24 MP: 4/10
  4056 | D:4      | Noticed a phantom
  4113 | D:4      | Found a glowing drain.
  4177 | Sewer    | Entered a sewer
  4517 | Sewer    | Gained mutation: You are covered in thick fur (AC +2). [Felid growth]
  4517 | Sewer    | Reached XP level 6. HP: 28/28 MP: 11/13
  5182 | Sewer    | Reached skill level 5 in Conjurations
  5734 | D:4      | Found a staircase to the Ecumenical Temple.
  5931 | Temple   | Entered the Ecumenical Temple
  6297 | D:2      | Became a worshipper of Vehumet
  6595 | D:4      | Killed a phantom
  6595 | D:4      | Reached XP level 7. HP: 18/31 MP: 0/14
  6738 | D:4      | Reached skill level 6 in Conjurations
  6872 | D:5      | Entered Level 5 of the Dungeon
  6923 | D:5      | You fall through a shaft for 2 floors!
  7429 | D:7      | Found a shattered altar of Ashenzari.
  7466 | D:7      | Reached skill level 7 in Conjurations
  7468 | D:7      | Reached XP level 8. HP: 12/34 MP: 5/15
  7701 | D:7      | Learned a level 5 spell: Iskenderun's Battlesphere
  7743 | D:7      | Reached skill level 8 in Conjurations
  8421 | D:7      | Found a sparkling altar of Nemelex Xobeh.
  8494 | D:7      | Reached skill level 9 in Conjurations
  8787 | D:7      | Noticed Menkaure
  8972 | D:7      | Found a bloodstained altar of Trog.
  9042 | D:7      | Killed Menkaure
  9393 | D:7      | Acquired Vehumet's first power
  9393 | D:7      | Offered knowledge of Flame Tongue by Vehumet.
  9572 | D:6      | Reached skill level 5 in Charms
  9661 | D:6      | Reached XP level 9. HP: 37/37 MP: 11/16
 11937 | D:8      | Reached skill level 10 in Charms
 12214 | D:8      | Noticed Erica
 12220 | D:8      | Killed Erica
 12220 | D:8      | Reached skill level 11 in Charms
 12220 | D:8      | Reached XP level 10. HP: 42/42 MP: 0/17
 12248 | D:8      | Found a glowing silver altar of Zin.
 12294 | D:8      | Found a snail-covered altar of Cheibriados.
 12809 | D:9      | Reached skill level 12 in Charms
 13215 | D:9      | Offered knowledge of Throw Frost by Vehumet.
 13627 | D:9      | Found a basalt altar of Yredelemnul.
 13659 | D:9      | Found an opulent altar of Gozag.
 13840 | D:9      | Reached skill level 13 in Charms
 14160 | D:10     | Entered Level 10 of the Dungeon
 14255 | D:10     | Noticed a hill giant
 14269 | D:10     | Killed a hill giant
 14269 | D:10     | Reached skill level 5 in Spellcasting
 14802 | D:10     | Offered knowledge of Static Discharge by Vehumet.
 15270 | D:11     | Learned a level 3 spell: Mephitic Cloud
 15327 | D:11     | Found a staircase to the Lair.
 15687 | D:10     | Acquired Vehumet's second power
 15687 | D:10     | Reached XP level 11. HP: 43/45 MP: 16/22
 16292 | D:11     | Reached skill level 5 in Fighting
 16899 | D:10     | Offered knowledge of Sticky Flame by Vehumet.
 16932 | D:10     | Learned a level 4 spell: Sticky Flame
 18043 | D:11     | Noticed a manticore
 18324 | D:10     | Reached skill level 5 in Dodging
 18561 | D:10     | Killed a manticore
 19257 | D:11     | Acquired Vehumet's third power
 19694 | D:11     | Paralysed by a wasp for 2 turns
 20369 | D:11     | Offered knowledge of Lee's Rapid Deconstruction by Vehumet.
 20441 | D:11     | Reached skill level 10 in Conjurations
 20857 | Lair:1   | Entered Level 1 of the Lair of Beasts
 21184 | Lair:1   | Noticed tsouns's ghost (powerful DrAE)
 21237 | Lair:1   | Noticed Fannar
 21264 | Lair:1   | Killed Fannar
 21264 | Lair:1   | Gained mutation: Your thick and shaggy fur keeps you warm (AC +3, rC+). [Felid growth]
 21264 | Lair:1   | Reached XP level 12. HP: 54/54 MP: 5/24
 22329 | D:11     | Noticed a hill giant
 22350 | D:11     | Killed a hill giant
 23382 | Lair:1   | Killed from afar by tsouns's ghost
 23383 | Lair:1   | Reached XP level 11. HP: -24/50 MP: 18/24
 23637 | Lair:1   | Killed from afar by tsouns's ghost
 23638 | Lair:1   | Reached XP level 10. HP: 0/47 MP: 2/23
 24376 | Lair:2   | Noticed a six-headed hydra
 24388 | Lair:2   | Killed a six-headed hydra
 24862 | Lair:2   | Reached XP level 11. HP: 10/50 MP: 9/24
 24960 | Lair:2   | Mangled by a polar bear

Vault maps used:
D:1:      ncdulo_wetmaze, serial_bayou, serial_bayou_shore_a,
          serial_bayou_shore_b, serial_bayou_pond_d, serial_bayou_lake_a
D:2:      lemuel_crystal_altar
D:4:      temple_pool_a, portal_sewer_entry_d
D:5:      first_bread
D:6:      hangedman_abyss_or_decor_slice
D:7:      evilmike_ruin_ashenzari, lightli_temple_of_fire,
          nemelex_diamond_rough_becter, uniq_menkaure
D:8:      zin_treasury, old_standard_altar, uniq_erica
D:9:      lemuel_round_altar, yredelemnul_forgotten_temple_becter
D:11:     lair_0_dummy, grunt_livestock
Temple:   eino_temple_water_12
Lair:1:   pond, uniq_fannar
Lair:2:   uniq_urug
Sewer:    sewer_minmay_treatment

Action                   |  1- 3 |  4- 6 |  7- 9 | 10-12 || total
-------------------------+-------+-------+-------+-------++-------
Melee: Unarmed           |    21 |    98 |    69 |    16 ||   204
 Cast: Magic Dart        |    75 |   119 |   151 |   379 ||   724
       Searing Ray       |     2 |    25 |    37 |   125 ||   189
       Iskenderun's Myst |       |       |    19 |    85 ||   104
       Iskenderun's Batt |       |       |     1 |    17 ||    18
       Mephitic Cloud    |       |       |       |     3 ||     3
Evoke: Wand              |       |       |       |     3 ||     3
  Use: Scroll            |       |    10 |     5 |     5 ||    20
       Potion            |       |       |     1 |     3 ||     4
 Stab: Sleeping          |     1 |     2 |       |       ||     3
       Distracted        |       |       |     1 |       ||     1
  Eat: Chunk             |    11 |     9 |    15 |    45 ||    80
